 Dungeon Crawl Stone Soup version 0.22-a0-458-gb446440 (webtiles) character file.

174759 galech the Warrior (level 18, -16/198 HPs)
             Began as an Ogre Berserker on June 8, 2018.
             Was a High Priest of Trog.
             Demolished by an ettin
             ... wielding a cursed -2 dire flail
              (32 damage)
             ... on level 15 of the Dungeon.
             The game lasted 01:12:06 (38996 turns).

galech the Warrior (Ogre Berserker)                Turns: 38996, Time: 01:12:07

Health: -16/198    AC: 19    Str: 38    XL:     18   Next: 8%
Magic:  0/18       EV: 11    Int: 10    God:    Trog [*****.]
Gold:   120        SH: 23    Dex: 12    Spells: 17/17 levels left

rFire    + + .     SeeInvis +   u - +8 lance "Wyrmbane" {slay drac, rPois rF+ rC+ AC+3}
rCold    + . .     Gourm    .   z - +0 large shield
rNeg     + . .     Faith    .   o - +0 shadow dragon scales
rPois    +         Spirit   +   (helmet restricted)
rElec    .         Reflect  .   (no cloak)
rCorr    .         Harm     .   (gloves unavailable)
MR       ++...                  (boots unavailable)
Stlth    ++++......             L - amulet of guardian spirit
HPRegen  0.43/turn              x - ring "Ifut Cem" {rF+ Str+4 Dex+4}
MPRegen  0.16/turn              J - ring of Pauzofri {rN+ MR+ Str+2 Int+2 SInv}

@: berserk cooldown, slowed, very slow
A: large, unfitting armour, tough skin 1
a: Berserk, Trog's Hand, Brothers in Arms, Renounce Religion


You were on level 15 of the Dungeon.
You worshipped Trog.
Trog was extremely pleased with you.
You were hungry.

You visited 5 branches of the dungeon, and saw 27 of its levels.
You visited 1 bazaar.
You also visited: Bailey.

You collected 2544 gold pieces.
You spent 2424 gold pieces at shops.

Inventory:

Hand Weapons
 s - the +8 giant club of Limitation {chaos, Int+3 Stlth+, unknown}
   (Trog gifted it to you on level 6 of the Lair of Beasts)

   Each time it hits an enemy it has a different, random effect.
   It affects your intelligence (+3).
   It makes you more stealthy.
 u - the +8 lance "Wyrmbane" (weapon) {slay drac, rPois rF+ rC+ AC+3}
   (You bought it in a shop on level 5 of the Dungeon)

   It affects your AC (+3).
   It protects you from fire.
   It protects you from cold.
   It protects you from poison.
 W - the +5 flail "Cosuqesol" {elec, Dex+3 SInv Stlth-}
   (Trog gifted it to you on level 3 of the Lair of Beasts)

   Occasionally, upon striking a foe, it will discharge some electrical energy
   and cause terrible harm.
   It affects your dexterity (+3).
   It lets you see invisible.
   It makes you less stealthy.
Armour
 b - a +2 robe of cold resistance
 o - +0 shadow dragon scales (worn)
 z - a +0 large shield (worn)
 D - the +2 robe of the Barber Surgeon {MR+ Stlth+}
   (You found it on level 5 of the Dungeon)

   It affects your resistance to hostile enchantments.
   It makes you more stealthy.
 T - the +2 robe of Gotuv {*Slow Dex-3 Slay+4 SInv, unknown}
   (You took it off a deep elf blademaster on level 3 of the Elven Halls)

   It affects your dexterity (-3).
   It affects your accuracy and damage with ranged weapons and melee attacks
   (+4).
   It lets you see invisible.
   It may slow you when you take damage.
 X - +0 fire dragon scales
Jewellery
 a - an uncursed ring of poison resistance
 f - an uncursed ring of positive energy
 v - an uncursed amulet of regeneration {unknown}
 x - the ring "Ifut Cem" (left hand) {rF+ Str+4 Dex+4}
   (You found it on level 6 of the Lair of Beasts)

   [ring of protection from fire]

   It affects your strength (+4).
   It affects your dexterity (+4).
   It protects you from fire.
 J - the ring of Pauzofri (right hand) {rN+ MR+ Str+2 Int+2 SInv}
   (You found it on level 6 of the Dungeon)

   [ring of see invisible]

   It affects your strength (+2).
   It affects your intelligence (+2).
   It protects you from negative energy.
   It affects your resistance to hostile enchantments.
   It lets you see invisible.
 L - an amulet of guardian spirit (around neck)
 O - an uncursed ring of resist corrosion
 P - an uncursed ring of ice
Scrolls
 g - a scroll of magic mapping
 i - 6 scrolls of teleportation
 l - 4 scrolls of immolation
 n - 4 scrolls of enchant armour
 q - 5 scrolls of blinking
 r - 2 scrolls of fog
 t - 12 scrolls of remove curse
 w - 4 scrolls of random uselessness
 y - 3 scrolls of amnesia
 B - a scroll of brand weapon
 E - 2 scrolls of fear
 F - a scroll of acquirement
 I - 2 scrolls of silence
 S - 3 scrolls of identify
 U - 2 scrolls of enchant weapon
 Y - a scroll of summoning {unknown}
Potions
 d - 11 potions of curing
 e - 7 potions of brilliance
 h - 2 potions of invisibility
 j - 4 potions of lignification {unknown}
 k - 5 potions of might
 m - 2 potions of flight {unknown}
 p - 4 potions of degeneration {unknown}
 A - 3 potions of heal wounds
 C - a potion of berserk rage {unknown}
 H - 2 potions of magic {unknown}
 K - 2 potions of ambrosia {unknown}
 M - 5 potions of haste {unknown}
 N - 5 potions of mutation {unknown}
 V - 3 potions of cancellation
 Z - a potion of agility
Comestibles
 c - 37 rations
 G - 10 chunks of flesh


   Skills:
 + Level 16.5 Fighting
 + Level 15.1 Maces & Flails
 + Level 0.3 Polearms
 + Level 11.5 Armour
 + Level 7.3 Dodging
 + Level 5.5 Stealth
 + Level 15.9 Shields


You had 17 spell levels left.
You didn't know any spells.
Your spell library was empty.

Dungeon Overview and Level Annotations

Branches:
Dungeon (15/15)            Temple (0/1) D:7            Lair (6/6) D:9
  Swamp (0/4) Lair:3       Spider (0/4) Lair:3        Slime (0/5) Lair:6
    Orc (2/2) D:10            Elf (3/3) Orc:2        Vaults (0/5) D:13
 Depths (1/5) D:15

Altars:
Cheibriados
Fedhas
Hepliaklqana
Makhleb
Nemelex Xobeh
Qazlal
Trog
Uskayaw
Vehumet
Yredelemnul
Beogh

Shops:
D:5 (   D:11 [   D:12 *   D:13 *   Orc:2 *}(}   Elf:1 :

Portals:
Hell: Depths:1

Annotations:
Depths:1 Saint Roka, Sojobo


Innate Abilities, Weirdness & Mutations

You are too large for most types of armour.
You have tough skin. (AC +1)


Message History

10 bolts; an uncursed arbalest You impale the ettin!!
The ettin is almost dead.
You block the ettin's attack. x2
You hit the ettin but do no damage.
The ettin is almost dead.
You block the ettin's attack. x2; The ettin closely misses you.
The ettin hits you with a dire flail!!
* * * LOW HITPOINT WARNING * * *
You barely miss the ettin.
The ettin is almost dead.
Your skin stops crawling.
You feel less resistant to hostile enchantments.
The ettin hits you with an enchanted dire flail!!
* * * LOW HITPOINT WARNING * * *
The ettin hits you but does no damage.
You puncture the ettin!
The ettin is almost dead.
You block the ettin's attack. The ettin hits you with a dire flail!!
You die...

#######.# #.# #.#
#####.##
############.......
#(.......≈≈#.######
#'###≈≈≈#.≈#.#
#.(.#.)....#.#
#C@['..≈##.'.#
#.).#......###
#(###≈≈≈#.≈#
#.(..(...≈≈#
############


You could see an ettin.

Vanquished Creatures
  Rupert (D:15)
  3 deep elf blademasters
  Kirke (D:12)
  A frost giant (Depths:1)
  Louise (Elf:3)
  A deep elf elementalist (Elf:2)
  2 deep elf sorcerers
  2 stone giants
  A vampire knight (D:15)
  4 deep elf demonologists
  2 deep elf annihilators (Elf:3)
  Nessos (D:14)
  Azrael (D:15)
  Snorg (Orc:1)
  An ettin (Depths:1)
  A fire dragon (D:15)
  2 deep elf high priests
  A yaktaur captain (D:15)
  Harold (Lair:2)
  Fannar (Orc:1)
  4 vault guards (D:13)
  9 hydras
  5 centaur warriors
  A catoblepas (Lair:5)
  21 dancing weapons
  An ogre mage (Depths:1)
  5 orc high priests (Orc:2)
  10 two-headed ogres
  Urug (Lair:2)
  10 deep elf knights
  Sonja (Lair:2)
  A fire crab (Lair:6)
  A wizard (Depths:1)
  9 deep elf archers
  Pikel (D:5)
  6 orc knights (Orc:2)
  A wolf spider zombie (D:13)
  2 orc sorcerers
  49 deep elf magi
  A manticore (D:14)
  11 slime creatures
  16 ugly things
  5 cyclopes
  8 black mambas
  6 elephants (Lair:4)
  3 centaur zombies
  4 torpor snails
  25 spiny frogs
  A gargoyle (D:13)
  2 rime drakes (Lair:5)
  7 komodo dragons
  A kobold demonologist (D:13)
  3 tengu conjurers (D:14)
  A polar bear (shapeshifter) (D:13)
  5 tyrant leeches (Lair:6)
  2 wind drakes (shapeshifter)
  Grinder (D:6)
  6 trolls
  Prince Ribbit (D:6)
  28 blink frogs
  14 hippogriffs
  A meliai zombie (D:13)
  13 dream sheep
  A spriggan (D:8)
  5 wraiths
  7 air elementals
  Grum (D:8)
  A tarantella (shapeshifter) (Elf:2)
  A water elemental (Elf:3)
  28 yaks
  4 wyverns
  A basilisk (D:9)
  7 fire elementals
  2 steam dragons
  6 vampire mosquitoes
  2 hogs (D:12)
  Menkaure (D:7)
  4 wargs
  3 nagas (D:13)
  A soldier ant (shapeshifter) (D:15)
  A hell hound (D:15)
  9 porcupines
  6 water moccasins
  Duvessa (D:4)
  2 ice beasts
  34 orc warriors
  2 black bears
  6 sky beasts
  A slave (D:5)
  An eye of draining (D:10)
  3 necrophages
  11 ogres
  A phantom (D:12)
  40 wolves
  14 centaurs
  23 crocodiles
  A big kobold (D:13)
  29 bullfrogs
  A wyvern zombie (D:13)
  Dowan (D:4)
  4 earth elementals
  3 scorpions
  3 killer bees (D:11)
  9 wights
  4 howler monkeys
  4 electric eels
  2 crimson imps
  A bullfrog zombie (D:9)
  7 jellies
  2 quasits
  4 hounds
  7 centaur skeletons
  38 orc priests
  12 orc wizards
  4 bullfrog skeletons
  Natasha (twice) (D:3)
  An iguana (D:7)
  14 worker ants
  A hound zombie (D:8)
  A hound skeleton (D:6)
  Robin (D:3)
  A howler monkey zombie (D:8)
  A worker ant zombie (D:8)
  11 adders
  3 shadow imps
  7 oozes
  An adder zombie (D:5)
  An adder skeleton (D:9)
  4 worms
  6 leopard geckos
  77 orcs
  3 giant cockroaches
  11 goblins
  12 hobgoblins
  6 jackals
  8 kobolds
  4 quokkas
  A ball python (D:2)
  5 bats
  6 frilled lizards
  A giant cockroach zombie (D:6)
  A leopard gecko skeleton (D:4)
  A quokka zombie (D:9)
  5 rats
894 creatures vanquished.

Vanquished Creatures (others)
  2 humans (D:12)
  A water moccasin (Lair:6)
  An adder skeleton (D:6)
  4 orcs (Depths:1)
  7 fungi
  22 plants
37 creatures vanquished.

Grand Total: 931 creatures vanquished

Notes
Turn   | Place    | Note
-------+----------+-------------------------------------------
     0 | D:1      | galech the Ogre Berserker began the quest for the Orb.
     0 | D:1      | Reached XP level 1. HP: 24/24 MP: 1/1
   156 | D:1      | Reached XP level 2. HP: 23/32 MP: 2/2
   747 | D:2      | Reached ** piety under Trog
   749 | D:2      | Reached XP level 3. HP: 30/40 MP: 3/3
   804 | D:2      | Found a blossoming altar of Fedhas.
   805 | D:2      | Found a stormy altar of Qazlal.
   814 | D:2      | Noticed an ogre
   819 | D:2      | Killed an ogre
   819 | D:2      | Reached skill level 5 in Fighting
   819 | D:2      | Reached XP level 4. HP: 50/50 MP: 4/4
   819 | D:2      | Reached XP level 5. HP: 57/57 MP: 5/5
  1829 | D:3      | Noticed Natasha
  1845 | D:3      | Killed Natasha
  1845 | D:3      | Reached XP level 6. HP: 30/66 MP: 6/6
  2060 | D:3      | Reached skill level 1 in Armour
  2307 | D:3      | Noticed Robin
  2354 | D:3      | Killed Robin
  2354 | D:3      | Reached skill level 1 in Stealth
  2627 | D:3      | Noticed Natasha
  2643 | D:3      | Killed Natasha
  2820 | D:4      | Found a burning altar of Makhleb.
  2851 | D:4      | Reached skill level 5 in Maces & Flails
  2950 | D:4      | Noticed Duvessa
  2952 | D:4      | Noticed Dowan
  2992 | D:4      | Killed Duvessa
  2992 | D:4      | Reached skill level 1 in Shields
  2992 | D:4      | Reached XP level 7. HP: 54/74 MP: 7/7
  3111 | D:4      | Killed Dowan
  3461 | D:4      | Reached skill level 6 in Fighting
  3494 | D:4      | Reached *** piety under Trog
  3633 | D:5      | Entered Level 5 of the Dungeon
  4063 | D:5      | Found a sparkling altar of Nemelex Xobeh.
  4063 | D:5      | Found a burning altar of Makhleb.
  4070 | D:5      | Found a hazy altar of Hepliaklqana.
  4072 | D:5      | Found a faded altar of an unknown god.
  4087 | D:5      | Found a basalt altar of Yredelemnul.
  4132 | D:5      | Found a snail-covered altar of Cheibriados.
  4201 | D:5      | Reached XP level 8. HP: 37/84 MP: 8/8
  4464 | D:5      | Found Juseb's Antique Weapon Shop.
  4818 | D:5      | Got a fabulously ornate robe
  5144 | D:6      | Noticed Pikel
  5404 | D:5      | Paralysed by Pikel for 5 turns
  5417 | D:5      | Killed Pikel
  5491 | D:6      | Reached skill level 7 in Fighting
  5559 | D:6      | Reached XP level 9. HP: 80/93 MP: 9/9
  5569 | D:6      | Got a flickering marble ring
  5577 | D:6      | Identified the ring of Pauzofri {rN+ MR+ Str+2 Int+2 SInv} (You found it on level 6 of the Dungeon)
  5686 | D:6      | Noticed Grinder
  5686 | D:6      | Noticed Prince Ribbit
  5747 | D:6      | Killed Prince Ribbit
  6037 | D:6      | Killed Grinder
  6711 | D:7      | Found a hide-covered altar of Uskayaw.
  6794 | D:7      | Found a staircase to the Ecumenical Temple.
  6836 | D:7      | Noticed Menkaure
  6844 | D:7      | Killed Menkaure
  6844 | D:7      | Reached skill level 5 in Shields
  7300 | D:8      | Noticed Grum
  7562 | D:8      | Killed Grum
  7830 | D:8      | Reached **** piety under Trog
  8035 | D:8      | Reached XP level 10. HP: 94/104 MP: 8/10
  8082 | D:8      | Reached skill level 5 in Armour
  8911 | D:9      | Reached skill level 8 in Fighting
  9218 | D:9      | Noticed a two-headed ogre
  9242 | D:9      | Noticed a cyclops
  9262 | D:8      | Killed a two-headed ogre
  9588 | D:8      | Killed a cyclops
  9956 | D:9      | Reached XP level 11. HP: 97/113 MP: 9/11
 10641 | D:9      | Found a staircase to the Lair.
 11059 | D:10     | Entered Level 10 of the Dungeon
 11085 | D:10     | Found a staircase to the Orcish Mines.
 11236 | D:10     | Found a flagged portal.
 11246 | Bailey   | Entered a bailey
 11246 | Bailey   | Noticed an orc knight
 11247 | Bailey   | Noticed an orc knight
 11294 | Bailey   | Reached skill level 9 in Fighting
 11589 | D:10     | Found a roughly hewn altar of Beogh.
 12145 | Orc:1    | Entered Level 1 of the Orcish Mines
 12145 | Orc:1    | Noticed a stone giant
 12207 | D:10     | Killed a stone giant
 12321 | Orc:1    | Noticed Fannar
 12650 | Orc:1    | Killed Fannar
 13028 | Orc:2    | Entered Level 2 of the Orcish Mines
 13028 | Orc:2    | Found a roughly hewn altar of Beogh.
 13197 | Orc:2    | Identified the +2 robe of the Barber Surgeon {MR+ Stlth+} (You found it on level 5 of the Dungeon)
 13498 | Orc:2    | Found a staircase to the Elven Halls.
 13792 | Orc:1    | Noticed Snorg
 14233 | Orc:2    | Noticed an orc knight
 14251 | Orc:2    | Noticed an orc sorcerer
 14284 | Orc:2    | Killed an orc sorcerer
 14284 | Orc:2    | Reached XP level 12. HP: 113/126 MP: 12/12
 14405 | Orc:2    | Reached skill level 10 in Maces & Flails
 14632 | Orc:2    | Noticed an orc high priest
 14808 | Orc:2    | Reached ***** piety under Trog
 14901 | Orc:2    | Reached skill level 10 in Fighting
 15043 | Orc:2    | Killed an orc high priest
 15564 | Orc:2    | Noticed an orc high priest
 15580 | Orc:2    | Noticed a soul eater
 15588 | Orc:2    | Killed an orc high priest
 15588 | Orc:2    | Received a gift from Trog
 15796 | Orc:2    | Noticed an orc high priest
 15811 | Orc:2    | Killed an orc high priest
 15947 | Orc:2    | Noticed an orc high priest
 15958 | Orc:2    | Killed an orc high priest
 15958 | Orc:2    | Reached skill level 10 in Shields
 15971 | Orc:2    | Noticed an orc high priest
 15989 | Orc:2    | Killed an orc high priest
 16110 | Orc:2    | Reached skill level 11 in Fighting
 16230 | Orc:2    | Found Sihum's Gadget Shoppe.
 16233 | Orc:2    | Found Tasuil's Gadget Emporium.
 16234 | Orc:2    | Found Ynupas's Assorted Antiques.
 16235 | Orc:2    | Found Xufid's Weapon Shoppe.
 16340 | Orc:1    | Killed Snorg
 16634 | Lair:1   | Entered Level 1 of the Lair of Beasts
 16905 | Lair:1   | Reached skill level 5 in Dodging
 17073 | Lair:1   | Reached XP level 13. HP: 132/137 MP: 11/13
 17240 | Lair:1   | Found a snail-covered altar of Cheibriados.
 18069 | Lair:2   | Noticed Urug
 18418 | Lair:2   | Noticed Sonja
 18460 | Lair:2   | Killed Sonja
 18587 | Lair:2   | Noticed Harold
 18601 | Lair:2   | Killed Harold
 18954 | Lair:2   | Killed Urug
 19565 | Lair:3   | Found a staircase to the Swamp.
 19595 | Lair:3   | Reached skill level 12 in Fighting
 19836 | Lair:3   | Received a gift from Trog
 19842 | Lair:3   | Got a steaming flail {god gift}
 19843 | Lair:3   | Identified the +5 flail "Cosuqesol" {elec, Dex+3 SInv Stlth-} (Trog gifted it to you on level 3 of the Lair of Beasts)
 20026 | Lair:4   | Reached XP level 14. HP: 104/150 MP: 12/14
 21574 | Lair:5   | Identified a scroll of acquirement
 21928 | Lair:6   | Entered Level 6 of the Lair of Beasts
 21953 | Lair:5   | Received a gift from Trog
 22777 | Lair:6   | Reached skill level 13 in Fighting
 23125 | Lair:6   | Reached XP level 15. HP: 122/161 MP: 8/15
 23688 | Lair:6   | Received a gift from Trog
 23699 | Lair:6   | Got an iridescent giant club {god gift}
 23731 | Lair:6   | Got a shimmering ivory ring
 23758 | Lair:6   | Identified the ring "Ifut Cem" {rF+ Str+4 Dex+4} (You found it on level 6 of the Lair of Beasts)
 23849 | Lair:6   | Found a staircase to the Slime Pits.
 24090 | Lair:3   | Found a hole to the Spider Nest.
 25620 | D:11     | Found Xuppei Geid's Armour Emporium.
 25806 | D:12     | Noticed Kirke
 25818 | D:12     | Killed Kirke
 26030 | D:12     | Found Awijude's Changing Room.
 26530 | D:13     | Received a gift from Trog
 26557 | D:13     | Found Suihy's Serpentskin Sales.
 26602 | D:13     | Reached skill level 14 in Fighting
 26637 | D:13     | Found a gate to the Vaults.
 26756 | D:13     | Found a flickering gateway to a bazaar.
 26767 | Bazaar   | Entered a bazaar
 26772 | Bazaar   | Found Ytros's Magic Scroll Shop.
 26791 | Bazaar   | Found Vehusuuc's Gadget Shop.
 26808 | Bazaar   | Found Hien's Food Boutique.
 26838 | Bazaar   | Found Nerompuh's General Store.
 27829 | D:14     | Noticed Nessos
 27842 | D:14     | Killed Nessos
 27916 | D:14     | Reached skill level 5 in Stealth
 28949 | D:15     | Entered Level 15 of the Dungeon
 28984 | D:15     | Reached XP level 16. HP: 142/174 MP: 12/16
 29498 | D:15     | Noticed Rupert
 29512 | D:15     | Killed Rupert
 29570 | D:15     | Received a gift from Trog
 29570 | D:15     | Reached skill level 10 in Armour
 29735 | D:15     | Noticed Azrael
 29762 | D:15     | Killed Azrael
 30269 | D:15     | Found a staircase to the Depths.
 30293 | Depths:1 | Entered Level 1 of the Depths
 30450 | Depths:1 | Found a bloodstained altar of Trog.
 30450 | Depths:1 | Noticed a tengu reaver
 30450 | Depths:1 | Noticed a tengu reaver
 30459 | Depths:1 | Noticed Sojobo
 30844 | Depths:1 | Reached skill level 15 in Fighting
 30930 | Depths:1 | Found a gateway to Hell.
 30938 | Depths:1 | Noticed Saint Roka
 31492 | Elf:1    | Entered Level 1 of the Elven Halls
 31727 | Elf:1    | Found Lulysus's Book Shop.
 32418 | Elf:1    | Received a gift from Trog
 33171 | Elf:2    | Reached XP level 17. HP: 172/184 MP: 15/17
 33739 | Elf:2    | Found a huge runed gate.
 33739 | Elf:2    | Found a huge runed gate.
 33739 | Elf:2    | Found a huge runed gate.
 33772 | Elf:2    | Found a huge runed gate.
 33772 | Elf:2    | Found a huge runed gate.
 33807 | Elf:2    | Reached skill level 15 in Shields
 34239 | Elf:2    | Noticed a deep elf blademaster
 34259 | Elf:2    | Killed a deep elf blademaster
 35677 | Elf:3    | Entered Level 3 of the Elven Halls
 35686 | Elf:3    | Noticed Louise
 35707 | Elf:3    | Killed Louise
 35707 | Elf:3    | Received a gift from Trog
 35906 | Elf:3    | Reached skill level 15 in Maces & Flails
 36300 | Elf:3    | Reached skill level 16 in Fighting
 36345 | Elf:3    | Found a radiant altar of Vehumet.
 37539 | Elf:3    | Noticed a deep elf blademaster
 37578 | Elf:3    | Noticed an Ice Fiend
 37744 | Elf:3    | Noticed a deep elf blademaster
 37786 | Elf:3    | Killed a deep elf blademaster
 37880 | Elf:3    | Got a bloodstained robe
 37996 | Elf:2    | Reached XP level 18. HP: 106/198 MP: 16/18
 38219 | Elf:2    | Killed a deep elf blademaster
 38705 | D:5      | Bought the +8 lance "Wyrmbane" {slay drac, rPois rF+ rC+ AC+3} for 2424 gold pieces
 38705 | D:5      | Found the +8 lance "Wyrmbane" {slay drac, rPois rF+ rC+ AC+3}
 38996 | D:15     | Demolished by an ettin

Vault maps used:
D:1:      onia_arrival_mini_maze_b, serial_forest, infiniplex_forest_end_double,
          infiniplex_forest_clump_small, infiniplex_forest_lined_ring,
          infiniplex_forest_fountain, infiniplex_forest_lined_room_,
          infiniplex_forest_end_1, infiniplex_forest_clump_medium, minmay_cupped
D:2:      grunt_temple_overflow_forces_of_nature
D:3:      first_ration, uniq_natasha, uniq_robin
D:4:      bloody_makhleb, uniq_duvessa
D:5:      chequers_temple_overflow_minitemple, serial_shops, shop,
          serial_corexii_hall, corexii_hall_statues_x, corexii_hall_statues_x,
          corexii_hall_statues_x, corexii_hall_statues_deadend,
          cheibrodos_worm_habitat
D:6:      minivault_1, water_maze_lemuel, uniq_pikel, uniq_grinder,
          uniq_prince_ribbit1
D:7:      minmay_temple_entry_statues, lemuel_statue_altar, uniq_menkaure
D:8:      grunt_pizzeria, dk_noncrumbling_4, uniq_grum
D:9:      erik_lair_dragon, minmay_misc_feat_nine_boxes, moated_statue,
          minmay_misc_feat_enclosed, grunt_potential
D:10:     minmay_orc_entry_temple_small, enter_bailey_8, serial_bayou_pond_d
D:11:     serial_shops, kennysheep_little_box
D:12:     nicolae_transmutations_shop, uniq_kirke
D:13:     lightli_vaults_fourway_checkpoint, serial_shops, bzr_entry_water,
          guppyfry_shop_venom
D:14:     minmay_misc_feat_square, uniq_nessos
D:15:     grunt_enter_depths_snipers, minmay_misc_feat_plants,
          grunt_ministairs_15, uniq_rupert, uniq_azrael
Lair:1:   kennysheep_snail_temple, lemuel_fruit_tree
Lair:2:   uniq_urug, uniq_sonja, uniq_harold
Lair:3:   minmay_swamp_entry_eels, spider_nest_entry_a
Lair:5:   grunt_megastairs_4, lemuel_fruit_fields
Lair:6:   minmay_lair_end_frog_pond, nicolae_slime_entry_slimehenge
Orc:1:    uniq_fannar, uniq_snorg
Orc:2:    st_orc_pillars, basic_altar
Elf:1:    elf_arrival_001, serial_shops, shop, hangedman_elf_represent,
          grunt_ministairs_6, minivault_5
Elf:3:    elf_hall, basic_altar, basic_stair_grate_trap, uniq_louise
Depths:1: pf_coc_iceberg, old_standard_altar, rand_demon_pan_entry_4,
          serial_glass, glass_columns_a, glass_columns_a, glass_columns_b,
          glass_columns_a, glass_columns_a, glass_columns_a,
          nicolae_blasting_shop, uniq_saint_roka, uniq_sojobo, uniq_nikola
Bazaar:   bazaar_jpeg_honeycomb
Bailey:   bailey_polearm_4, bailey

Skill      XL: |  1  2  3  4  5  6  7  8  9 10 11 12 13 14 15 16 17 |
---------------+----------------------------------------------------+-----
Maces & Flails | 3 4 5 6 7 8 9 11 12 13 14 15 | 15.1
Fighting       | 5 6 7 8 9 11 12 13 14 15 16 | 16.5
Dodging        | 3 4 5 6 7 |  7.3
Armour         | 1 2 3 4 5 6 7 8 9 10 11 | 11.5
Stealth        | 1 2 3 4 5 |  5.5
Shields        | 1 2 4 5 7 9 10 11 12 13 14 15 | 15.9
Polearms       | |  0.3

Action                   |  1- 3 |  4- 6 |  7- 9 | 10-12 | 13-15 | 16-18 || total
-------------------------+-------+-------+-------+-------+-------+-------++-------
Melee: Mace              |    77 |   189 |   509 |   754 |       |       ||  1529
       Flail             |       |       |       |   403 |  1488 |  1099 ||  2990
       Lance             |       |       |       |       |       |    35 ||    35
Invok: Berserk           |     1 |     2 |     3 |    23 |    19 |    12 ||    60
       Trog's Hand       |       |       |     2 |     9 |     9 |    11 ||    31
  Use: Scroll            |       |       |    10 |     7 |    12 |     4 ||    33
       Potion            |       |       |       |     2 |       |     3 ||     5
 Stab: Sleeping          |       |     4 |    19 |    12 |    18 |     3 ||    56
       Distracted        |       |       |       |     1 |     5 |       ||     6
  Eat: Chunk             |       |     6 |    14 |    52 |    53 |    38 ||   163
       Ration            |       |     1 |     2 |     1 |     2 |     3 ||     9
Armor: Animal skin       |    19 |       |       |       |       |       ||    19
       Shadow dragon sca |    33 |   119 |   230 |   374 |   338 |   146 ||  1240
Dodge: Dodged            |    40 |    47 |    38 |   160 |   247 |   136 ||   668
Block: Large shield      |       |    52 |   346 |  1059 |  1279 |   822 ||  3558

Table legend:
 A = Spawn XP
 B = Non-spawn XP
 C = Spawn XP percentage of total XP
 D = Spawn monster count
 E = Non-spawn monster count
 F = Spawn count percentage of total count
 G = Total turns spent on level
                    A         B        C        D         E        F      G
               +---------+---------+-------+---------+---------+-------+---------
         Total |       0 |  249657 |   0.0 |       0 |     893 |   0.0 | 38996
               +---------+---------+-------+---------+---------+-------+---------
           D:1 |       0 |      24 |   0.0 |       0 |      15 |   0.0 |   631
           D:2 |       0 |     157 |   0.0 |       0 |      13 |   0.0 |   460
           D:3 |       0 |     266 |   0.0 |       0 |      33 |   0.0 |  1729
           D:4 |       0 |     401 |   0.0 |       0 |      15 |   0.0 |   813
           D:5 |       0 |    1314 |   0.0 |       0 |      18 |   0.0 |  1764
           D:6 |       0 |     859 |   0.0 |       0 |      12 |   0.0 |  1287
           D:7 |       0 |     771 |   0.0 |       0 |      14 |   0.0 |  1028
           D:8 |       0 |    3316 |   0.0 |       0 |      28 |   0.0 |  1578
           D:9 |       0 |    3527 |   0.0 |       0 |      40 |   0.0 |  2255
          D:10 |       0 |    3557 |   0.0 |       0 |      28 |   0.0 |  1578
          D:11 |       0 |    5573 |   0.0 |       0 |      46 |   0.0 |   929
          D:12 |       0 |    7962 |   0.0 |       0 |      35 |   0.0 |   852
          D:13 |       0 |   12222 |   0.0 |       0 |      38 |   0.0 |  1064
          D:14 |       0 |   10786 |   0.0 |       0 |      30 |   0.0 |  1297
          D:15 |       0 |   19363 |   0.0 |       0 |      38 |   0.0 |  1720
        Lair:1 |       0 |    7639 |   0.0 |       0 |      27 |   0.0 |  1217
        Lair:2 |       0 |    6763 |   0.0 |       0 |      19 |   0.0 |  1426
        Lair:3 |       0 |    6544 |   0.0 |       0 |      30 |   0.0 |  1183
        Lair:4 |       0 |    8386 |   0.0 |       0 |      36 |   0.0 |  1297
        Lair:5 |       0 |   14198 |   0.0 |       0 |      56 |   0.0 |  1574
        Lair:6 |       0 |   18775 |   0.0 |       0 |      78 |   0.0 |  1281
         Orc:1 |       0 |    3818 |   0.0 |       0 |      28 |   0.0 |  1431
         Orc:2 |       0 |   11777 |   0.0 |       0 |      71 |   0.0 |  2560
         Elf:1 |       0 |   18789 |   0.0 |       0 |      31 |   0.0 |  1672
         Elf:2 |       0 |   40326 |   0.0 |       0 |      55 |   0.0 |  3572
         Elf:3 |       0 |   28270 |   0.0 |       0 |      35 |   0.0 |  1808
      Depths:1 |       0 |   13880 |   0.0 |       0 |      21 |   0.0 |   798
        Bailey |       0 |     394 |   0.0 |       0 |       3 |   0.0 |    63
               +---------+---------+-------+---------+---------+-------+---------
